 Dungeon Crawl Stone Soup version 0.18.1-48-g4cf74bf (webtiles) character file.

18649 Gargoyl the Cleaver (level 12, -17/96 HPs)
             Began as a Demonspawn Abyssal Knight on Sept 2, 2016.
             Was an Elder of Lugonu.
             Demolished by an ettin
             ... wielding a +0 dire flail
              (39 damage)
             ... on level 2 of the Orcish Mines.
             The game lasted 00:35:37 (11506 turns).

Gargoyl the Cleaver (Demonspawn Abyssal Knight)    Turns: 11506, Time: 00:35:38

Health: -17/96     AC: 28    Str: 24      XL:     12   Next: 29%
Magic:  14/15      EV: 12    Int: 14 (15) God:    Lugonu [****..]
Gold:   703        SH:  2    Dex: 20      Spells: 0 memorised, 11 levels left

rFire  + + .     SeeInvis +     v - +7 battleaxe "Xax Fug" {vamp, Fragile rElec rF++ SInv}
rCold  + . .     Gourm    .     h - +2 plate armour {rC+}
rNeg   . . .     Faith    .     (shield currently unavailable)
rPois  .         Spirit   .     A - +0 helmet
rElec  +         Dismiss  .     x - +1 cloak
rCorr  .         Reflect  .     G - +0 pair of gloves
SustAt .         Harm     .     d - +2 pair of boots
MR     ++...     Clarity  +     (no amulet)
Stlth  ..........               e - ring of protection from magic
                                P - ring of Dororohich {MR+ Str+7 Dex+6}

@: about to teleport, very resistant to hostile enchantments, extremely
unstealthy
A: talons 2, large bone plates 1, camouflage 1, clarity, clever 1, demonic
guardian 1, mutation resistance 1, powered by death 2, shaggy fur 1
a: Depart the Abyss, Bend Space, Banish, Corrupt, Renounce Religion


You were on level 2 of the Orcish Mines.
You worshipped Lugonu.
Lugonu was greatly pleased with you.
You were not hungry.

You visited 2 branches of the dungeon, and saw 12 of its levels.
You visited the Abyss 6 times.
You also visited: Bailey.

You collected 1048 gold pieces.
You spent 345 gold pieces at shops.

Inventory:

Hand Weapons
 p - a +1 hand axe of flaming
 v - the +7 battleaxe "Xax Fug" (weapon) {vamp, Fragile rElec rF++ SInv}
   (You bought it in a shop on level 4 of the Dungeon)

   It inflicts no extra harm, but heals its wielder somewhat when it strikes a
   living foe.
   It greatly protects you from fire.
   It insulates you from electricity.
   It lets you see invisible.
   It will be destroyed if unequipped.
 y - a cursed +2 battleaxe
 W - a +0 broad axe
 X - a +1 war axe of chopping
Missiles
 u - 5 javelins (quivered)
 R - 74 tomahawks of returning
Armour
 d - a +2 pair of boots (worn)
 h - a +2 plate armour of cold resistance (worn)
 s - a +0 buckler
 x - a +1 cloak (worn)
 A - a +0 helmet (worn)
 G - a +0 pair of gloves (worn)
 M - a +0 plate armour
Jewellery
 e - a ring of protection from magic (right hand)
 z - an uncursed ring of magical power {unknown}
 H - an uncursed ring of see invisible {unknown}
 O - an uncursed ring of wizardry {unknown}
 P - the ring of Dororohich (left hand) {MR+ Str+7 Dex+6}
   (You found it on level 9 of the Dungeon)

   [ring of dexterity]

   It affects your strength (+7).
   It affects your dexterity (+6).
   It affects your resistance to hostile enchantments.
Wands
 i - a wand of teleportation (7/9)
 m - a wand of acid (9/15)
 t - a wand of acid (11/15)
 w - a wand of teleportation (4/9)
 E - a wand of slowing (28/48)
 F - a wand of paralysis (9/24)
 K - a wand of acid (5/15)
 Q - a wand of flame (26/48)
Scrolls
 a - a scroll of blinking
 j - 4 scrolls of remove curse
 n - 4 scrolls of identify
Potions
 b - a potion of invisibility
 f - 8 potions of curing
 k - a potion of haste
 l - a potion of agility
 o - 2 potions of brilliance
 C - a potion of ambrosia
 D - a potion of might
 J - a potion of lignification {unknown}
 N - 3 potions of degeneration
 S - 3 potions of magic
Books
 B - a book of Transfigurations

   Spells                             Type                      Level
   a - Irradiate                      Conjuration/Transmutation    5
   b - Statue Form                    Transmutation/Earth          6
   c - Hydra Form                     Transmutation                6
   d - Dragon Form                    Transmutation                7
 I - a book of the Warp

   Spells                             Type                      Level
   a - Recall                         Summoning/Translocation      3
   b - Gell's Gravitas                Hexes/Translocation          3
   c - Force Lance                    Conjuration/Translocation    4
   d - Warp Weapon                    Charms/Translocation         5
   e - Summon Forest                  Summoning/Translocation      5
 V - a book of Clouds

   Spells                             Type                      Level
   a - Mephitic Cloud                 Conjuration/Poison/Air       3
   b - Conjure Flame                  Conjuration/Fire             3
   c - Poisonous Cloud                Conjuration/Poison/Air       6
   d - Freezing Cloud                 Conjuration/Ice/Air          6
   e - Ring of Flames                 Charms/Fire                  7
Comestibles
 c - 7 bread rations
 g - 6 beef jerkies
 q - 3 chunks of flesh
 r - 2 meat rations
 L - 5 royal jellies


   Skills:
 + Level 9.4 Fighting
 + Level 10.5 Axes
 + Level 1.0 Throwing
 * Level 10.5 Armour
 + Level 7.0 Dodging
 + Level 2.3 Stealth
 + Level 3.3 Shields
 + Level 4.4 Invocations


You had 11 spell levels left.
You didn't know any spells.

Dungeon Overview and Level Annotations

Branches:
Dungeon (10/15)            Temple (0/1) D:7            Lair (0/8) D:8
    Orc (2/2) D:10
    Elf: Orc:2

Altars:
Ashenzari
Nemelex Xobeh
Okawaru
Pakellas
Vehumet
Xom

Shops:
D:4 *:(%   D:5 [   Orc:2 }[*

Portals:
Trove: D:10 (give +3 shadow dragon armour)

Annotations:
Orc:2 Sonja


Innate Abilities, Weirdness & Mutations

You have razor-sharp toenails.
You are partially covered in large bone plates (AC +2, SH +2).
A weak demonic guardian rushes to your aid.
You regenerate health from kills.
Your skin changes colour to match your surroundings (Stealth).
You possess an exceptional clarity of mind.
Your mind is acute. (Int +2)
You are somewhat resistant to further mutation.
You are covered in fur (AC +1).


Message History

You completely miss the ettin.
The ettin hits you but does no damage. x2
Unknown command.
You slash the ettin!
The ettin is lightly wounded.
You completely miss Sonja. The ettin closely misses you. x2
Sonja bows elegantly.
Sonja hits you but does no damage.
You feel strangely unstable.
Sonja hits you with an uncursed dagger of distortion.
Space bends around you. Sonja closely misses you.
You hit the ettin.
You feel better.
The ettin is moderately wounded.
You miss Sonja.
Sonja gestures wildly while chanting.
Sonja blinks!
The ettin hits you with a dire flail.
The ettin hits you with an enchanted dire flail!!
* * * LOW HITPOINT WARNING * * *
You slice the ettin!!
The ettin is heavily wounded.
The ettin hits you with a dire flail!!!
You die...

###.......5 ##.......P..
### #........... ##.##
#.C...5....
#...#######....P.....
#..##.##......58..∩.
#...[...............
###).([.........P.....
####...[@C..##...........
##......##[..##....#.PP..P
#.......#.((##..........P.
##........K.............##
#..................##....
#.................... ...#
#$..................#.
##.............(.....
#....................


You could see an ettin and Sonja.

Vanquished Creatures
  2 orc warlords
  2 ettins (Orc:1)
  An unseen horror (D:9)
  A hill giant (D:10)
  2 orc knights
  An orc sorcerer (Orc:1)
  3 cyclopes
  An elephant (D:8)
  Joseph (D:7)
  A gargoyle (D:10)
  A large abomination (Abyss:3)
  4 trolls
  The ghost of silfa the Sneak, an amateur KoAs (D:4)
  Sigmund (D:6)
  4 water elementals (D:10)
  A hippogriff (D:10)
  2 hungry ghosts
  6 wargs
  Edmund (D:6)
  4 giant frogs
  24 orc warriors
  A wasp (D:8)
  2 ice beasts
  A black bear (D:10)
  A sky beast (D:7)
  6 ogres
  A necrophage (D:7)
  2 crocodiles (D:9)
  A small abomination (Abyss:2)
  Dowan (D:7)
  2 scorpions
  4 wights (D:7)
  5 howler monkeys
  2 spriggan skeletons (D:9)
  3 crimson imps
  2 jellies
  10 orc priests
  4 hounds
  14 orc wizards
  7 centaur skeletons
  4 iguanas
  5 worker ants
  A sheep (D:8)
  A hound zombie (D:10)
  A worker ant zombie (D:8)
  20 gnolls
  11 adders
  A shadow imp (D:9)
  5 adder skeletons
  2 worms (D:2)
  3 dart slugs
  12 giant geckos
  41 orcs
  A ball python (D:4)
  5 bats
  2 giant cockroaches
  12 goblins
  16 hobgoblins
  22 jackals
  4 quokkas
  3 giant gecko skeletons
  5 giant newts
  23 kobolds
  A quokka zombie (D:5)
  8 rats
  2 fungi (D:8)
  A macabre mass (Abyss:3)
345 creatures vanquished.

Vanquished Creatures (collateral kills)
  Pikel (D:6)
  A two-headed ogre (D:10)
  A warg (Orc:2)
  Menkaure (D:5)
  Duvessa (D:7)
  An orc warrior (D:10)
  A giant frog (D:6)
  A wight (D:7)
  2 hounds
  A sheep (D:8)
  6 orcs
  3 jackals
20 creatures vanquished.

Vanquished Creatures (others)
  An orc warlord (D:10)
  A slave (D:6)
  3 fungi (Orc:2)
5 creatures vanquished.

Grand Total: 370 creatures vanquished

Notes
Turn   | Place    | Note
--------------------------------------------------------------
     0 | Abyss:1  | Gargoyl the Demonspawn Abyssal Knight began the quest for the Orb.
     0 | Abyss:1  | Reached XP level 1. HP: 18/18 MP: 2/2
    80 | Abyss:1  | Noticed a wretched star
    80 | D:1      | Escaped the Abyss
   235 | D:1      | Reached skill level 1 in Dodging
   342 | D:1      | Reached * piety under Lugonu
   342 | D:1      | Gained mutation: You regenerate a little health from kills. [demonic ancestry]
   342 | D:1      | Reached XP level 2. HP: 24/24 MP: 3/3
  1125 | D:2      | Reached XP level 3. HP: 25/29 MP: 4/4
  1228 | D:2      | Reached ** piety under Lugonu
  1343 | D:2      | Reached XP level 4. HP: 35/37 MP: 5/5
  2186 | D:3      | Reached XP level 5. HP: 41/42 MP: 6/6
  2691 | D:4      | Found Tasch's Food Boutique.
  2725 | D:4      | Reached *** piety under Lugonu
  3044 | D:4      | Found Cogeliog's Antique Weapon Shop.
  3082 | D:4      | Found Noiluh's Book Shoppe.
  3103 | D:4      | Gained mutation: A weak demonic guardian rushes to your aid. [demonic ancestry]
  3103 | D:4      | Reached XP level 6. HP: 43/49 MP: 7/7
  3121 | D:4      | Found Lazogyho's Assorted Antiques.
  3387 | D:4      | Noticed silfa's ghost (amateur KoAs)
  3427 | D:4      | Killed silfa's ghost
  3591 | D:5      | Entered Level 5 of the Dungeon
  3614 | D:5      | Noticed Menkaure
  3620 | D:5      | Killed Menkaure
  3620 | D:5      | Gained mutation: You are partially covered in large bone plates (AC +2, SH +2). [demonic ancestry]
  3620 | D:5      | Reached XP level 7. HP: 10/55 MP: 8/8
  3812 | D:5      | Found Kooblec's Antique Armour Shoppe.
  3952 | D:5      | Reached skill level 1 in Shields
  4062 | D:4      | Bought a slimy battleaxe for 345 gold pieces
  4062 | D:4      | Identified the +7 battleaxe "Xax Fug" {vamp, Fragile rElec rF++ SInv} (You bought it in a shop on level 4 of the Dungeon)
  4269 | D:5      | Found a sparkling altar of Nemelex Xobeh.
  4493 | D:6      | Noticed Edmund
  4496 | D:6      | Noticed Sigmund
  4498 | D:6      | Reached **** piety under Lugonu
  4504 | D:6      | Killed Edmund
  4504 | D:6      | Reached skill level 5 in Fighting
  4510 | D:6      | Killed Sigmund
  4510 | D:6      | Reached skill level 5 in Armour
  4510 | D:6      | Gained mutation: You regenerate health from kills. [demonic ancestry]
  4510 | D:6      | Reached XP level 8. HP: 62/62 MP: 9/9
  4546 | D:6      | Found a radiant altar of Vehumet.
  4719 | D:6      | Noticed Pikel
  4736 | D:6      | Killed Pikel
  4736 | D:6      | Reached skill level 5 in Axes
  4793 | D:6      | Found a shattered altar of Ashenzari.
  4833 | D:6      | Reached skill level 5 in Dodging
  4964 | D:6      | Found a shimmering altar of Xom.
  5437 | D:7      | Reached XP level 9. HP: 69/69 MP: 10/10
  5565 | D:7      | Noticed Duvessa
  5565 | D:7      | Noticed Dowan
  5570 | D:7      | Killed Duvessa
  5573 | D:7      | Killed Dowan
  5813 | D:7      | Reached ***** piety under Lugonu
  5838 | D:7      | Noticed Joseph
  5855 | D:7      | Killed Joseph
  5893 | D:7      | Found a staircase to the Ecumenical Temple.
  6040 | D:7      | Found an oddly glowing altar of Pakellas.
  6201 | D:8      | Found a staircase to the Lair.
  6204 | D:8      | Noticed an elephant
  6217 | D:8      | Killed an elephant
  6301 | D:8      | Found an iron altar of Okawaru.
  6711 | D:9      | Gained mutation: You have sharp toenails. [demonic ancestry]
  6711 | D:9      | Reached XP level 10. HP: 56/77 MP: 11/11
  6744 | D:9      | Noticed an unseen horror
  6778 | D:9      | Killed an unseen horror
  7044 | D:9      | Got a pitted jade ring
  7045 | D:9      | Identified the ring of Dororohich {MR+ Str+7 Dex+6} (You found it on level 9 of the Dungeon)
  7486 | D:10     | Entered Level 10 of the Dungeon
  7486 | D:10     | Found a shimmering altar of Xom.
  7486 | D:10     | Noticed a gargoyle
  7503 | D:10     | Killed a gargoyle
  7676 | D:10     | Noticed a hill giant
  7680 | D:10     | Found a portal to a secret trove of treasure.
  7712 | D:10     | Killed a hill giant
  7948 | D:10     | Found a flagged portal.
  7960 | Bailey   | Entered a bailey
  8043 | Bailey   | Reached ****** piety under Lugonu
  8048 | Bailey   | Noticed an orc knight
  8055 | Bailey   | Killed an orc knight
  8270 | D:10     | Found a staircase to the Orcish Mines.
  8433 | D:10     | Reached skill level 1 in Stealth
  8433 | D:10     | Reached XP level 11. HP: 85/86 MP: 12/12
  8693 | Orc:1    | Entered Level 1 of the Orcish Mines
  8693 | Orc:1    | Noticed an ettin
  8705 | Orc:1    | Killed an ettin
  8833 | Orc:1    | Noticed an orc warlord
  8834 | Orc:1    | Noticed an orc knight
  8834 | Orc:1    | Noticed an orc sorcerer
  8891 | D:10     | Banished an orc warlord
  9005 | Orc:1    | Killed an orc knight
  9008 | Orc:1    | Killed an orc sorcerer
  9148 | Orc:1    | Noticed an orc warlord
  9509 | D:10     | Killed an orc warlord
  9509 | D:10     | Reached skill level 10 in Axes
  9572 | D:10     | Gained mutation: You possess an exceptional clarity of mind. [potion of mutation]
  9572 | D:10     | Gained mutation: Your skin changes colour to match your surroundings (Stealth). [potion of mutation]
  9572 | D:10     | Gained mutation: Your mind is acute. (Int +2) [potion of mutation]
  9582 | D:10     | Gained mutation: You are covered in fur (AC +1). [potion of beneficial mutation]
  9583 | D:10     | Gained mutation: You are somewhat resistant to further mutation. [potion of beneficial mutation]
  9937 | Orc:2    | Entered Level 2 of the Orcish Mines
  9937 | Orc:2    | Noticed an orc warlord
  9955 | Orc:1    | Cast into level 2 of the Abyss (orc warlord)
  9982 | Abyss:2  | Found a shattered altar of Ashenzari.
  9983 | Orc:1    | Escaped the Abyss
  9997 | Orc:1    | Cast into level 2 of the Abyss (orc warlord)
 10100 | Abyss:2  | Noticed a starcursed mass
 10123 | Abyss:3  | Reached skill level 10 in Armour
 10125 | Abyss:3  | Noticed a large abomination
 10126 | Orc:1    | Escaped the Abyss
 10366 | Orc:1    | Cast into level 2 of the Abyss (orc warlord)
 10444 | Orc:1    | Escaped the Abyss
 10462 | Orc:1    | Killed an orc warlord
 10462 | Orc:1    | Gained mutation: You have razor-sharp toenails. [demonic ancestry]
 10462 | Orc:1    | Reached XP level 12. HP: 68/95 MP: 10/14
 10537 | Orc:2    | Reached skill level 1 in Throwing
 10542 | Orc:2    | Found Booruuqi's Gadget Shoppe.
 10566 | Orc:2    | Noticed Sonja
 10721 | Orc:2    | Cast into level 2 of the Abyss (Sonja)
 10721 | Abyss:2  | Found a corrupted altar of Lugonu.
 10836 | Orc:2    | Escaped the Abyss
 10864 | Orc:2    | Noticed an ettin
 10869 | Orc:2    | Found Rado Paseh's General Store.
 10869 | Orc:2    | Noticed an ettin
 10879 | Orc:2    | Found Ickud's Antique Armour Shop.
 11447 | Orc:1    | Killed an ettin
 11459 | Orc:2    | Cast into level 2 of the Abyss (Sonja)
 11502 | Orc:2    | Escaped the Abyss
 11506 | Orc:2    | Demolished by an ettin

Skill      XL: |  1  2  3  4  5  6  7  8  9 10 11 12 |
---------------+-------------------------------------+-----
Armour         | 2 3 4 5 7 8 10 | 10.5
Dodging        | 1 2 3 4 5 6 7 |  7.0
Axes           | 2 3 4 5 6 9 10 | 10.5
Fighting       | 4 5 6 7 9 |  9.4
Shields        | 1 2 3 |  3.3
Stealth        | 1 2 |  2.3
Invocations    | 3 4 |  4.4
Throwing       | 1 |  1.0

Action                   |  1- 3 |  4- 6 |  7- 9 | 10-12 || total
-------------------------+-------+-------+-------+-------++-------
Melee: Hand axe          |    90 |       |       |       ||    90
       War axe           |    28 |   220 |    80 |       ||   328
       Battleaxe         |       |       |   195 |   480 ||   675
Throw: Javelin           |       |       |     2 |     5 ||     7
Invok: Depart the Abyss  |     1 |       |       |     5 ||     6
       Banish            |       |       |       |     3 ||     3
       Bend Space        |       |       |       |     2 ||     2
  Use: Scroll            |       |     8 |     6 |     7 ||    21
       Potion            |       |     3 |     1 |    23 ||    27
 Stab: Distracted        |       |       |       |     8 ||     8
       Invisible         |       |       |       |     5 ||     5
  Eat: Chunk             |     2 |     8 |     8 |    13 ||    31
       Bread ration      |       |       |     2 |     2 ||     4
       Fruit             |       |       |       |     3 ||     3
Armor: Leather armour    |    20 |       |       |       ||    20
       Scale mail        |    74 |   124 |   157 |    17 ||   372
       Plate armour      |       |       |       |   314 ||   314
Dodge: Dodged            |   100 |   149 |   213 |   380 ||   842
Block: Buckler           |       |    19 |    23 |       ||    42
       Other             |       |       |    15 |    48 ||    63
